AoeStats
← nguyenkhang90

Arabia

510107995Analyzed
3v3 RM · 4d ago on Sep 29, 2026· 45m 52s· 6 players
Game mode
Random Map
Map size
Normal (6 player)
Population
200
Speed
Normal
Resources
Standard
Victory
Conquest
Starting age
Dark Age
Ending age
Imperial Age
RankedLock teamsTeams togetherTeam positionsShared explorationLock speedFull tech treeHidden civsTurbo modeCheats
Victory
Defeat
🇻🇳 Varangians · Vietnam
1326
+15
🇻🇳 Koreans · Vietnam
1320
+16
🇻🇳 Burgundians · Vietnam
1292
+16
🇨🇳 Persians · China
1344
-17
🇨🇳 Varangians · China
1300
-15
🇺🇾 Turks · Uruguay
1283
-15
nguyenkhang90
6:45 Loom
9:27 Feudal Age
10:04 Double-Bit Axe
12:27 Horse Collar
15:42 Bloodlines
21:21 Castle Age
19:57 Scale Barding Armor
20:54 Forging
23:06 Chain Barding Armor
22:51 Husbandry
22:12 Light Cavalry
25:38 Wheelbarrow
26:51 Iron Casting
27:09 Gold Mining
29:32 Fletching
31:05 Bow Saw
32:56 Hand Cart
38:07 Imperial Age
35:36 Bodkin Arrow
36:27 Stone Mining
38:45 Heavy Plow
38:15 Cavalier
39:42 Plate Barding Armor
40:08 Blast Furnace
39:09 Bracer
39:35 Conscription
39:27 Town Watch
41:31 Vendel Legacy
42:53 Hussar
47:21 Chemistry
46:41 Ballistics
haingocvo96
6:29 Loom
9:07 Feudal Age
9:50 Double-Bit Axe
12:49 Horse Collar
14:08 Fletching
21:42 Castle Age
20:12 Gold Mining
20:13 Stone Mining
22:05 Crossbowman
23:01 Bodkin Arrow
29:12 Gold Shaft Mining
31:57 Ballistics
36:44 Imperial Age
34:47 Thumb Ring
35:37 Bow Saw
37:01 Wheelbarrow
37:30 Bracer
37:05 Arbalester
41:23 Chemistry
41:05 Stone Shaft Mining
44:38 Hand Cart
Tha_cho_em
6:09 Loom
8:53 Feudal Age
7:35 Double-Bit Axe
9:58 Bow Saw
9:32 Horse Collar
17:32 Wheelbarrow
17:22 Bow Saw
20:56 Castle Age
19:54 Scale Barding Armor
20:25 Forging
20:11 Gold Mining
22:03 Chain Barding Armor
22:44 Husbandry
26:11 Cavalier
27:08 Hand Cart
28:32 Iron Casting
30:20 Light Cavalry
32:50 Gold Shaft Mining
32:27 Town Watch
39:04 Imperial Age
39:06 Paladin
41:54 Plate Barding Armor
42:27 Heavy Plow
46:38 Blast Furnace
种田使我快乐
11:24 Feudal Age
15:41 Loom
15:49 Horse Collar
16:03 Double-Bit Axe
18:27 Castle Age
25:45 Loom
36:42 Imperial Age
36:18 Wheelbarrow
35:31 Town Watch
36:44 Scale Barding Armor
40:21 Forging
41:39 Husbandry
43:07 Conscription
TinFit
6:47 Loom
9:26 Feudal Age
10:04 Double-Bit Axe
11:31 Horse Collar
19:17 Fletching
24:25 Castle Age
23:34 Padded Archer Armor
23:46 Bloodlines
23:29 Gold Mining
25:10 Wheelbarrow
24:28 Stone Mining
25:47 Bodkin Arrow
25:55 Husbandry
34:39 Leather Archer Armor
35:17 Sipahi
36:53 Bow Saw
36:43 Heavy Plow
41:58 Ballistics
41:51 Scale Barding Armor
秦墨子
5:38 Loom
8:41 Feudal Age
7:47 Loom
10:26 Wheelbarrow
10:43 Double-Bit Axe
16:43 Forging
17:06 Scale Barding Armor
17:55 Town Watch
21:42 Castle Age
21:08 Gold Mining
21:37 Bloodlines
22:10 Husbandry
21:33 Light Cavalry
22:57 Gold Shaft Mining
22:41 Bow Saw
26:53 Hand Cart
28:35 Herbal Medicine
30:15 Iron Casting
29:28 Horse Collar
31:47 Town Watch
32:46 Chain Barding Armor
35:02 Stone Mining
38:03 Stone Shaft Mining
37:30 Heavy Plow
40:58 Imperial Age
39:49 Town Patrol
39:59 Scale Mail Armor
42:00 Conscription
42:07 Heavy Camel Rider
42:08 Cavalier
44:43 Plate Barding Armor
Connection lost

Rejoining the realm…

Still unreachable

The connection could not be restored.

Session expired

The server has moved on; the page needs a fresh start.